 Dungeon Crawl Stone Soup version 0.17-a0-1718-g72dbe4d (webtiles) character file.

1193 Melifaro the Shield-Bearer (level 8, -3/68 HPs)
             Began as a Minotaur Fighter on Aug 26, 2015.
             Was a Follower of Trog.
             Killed by nerve-wracking pain
             ... invoked by Grinder
              (11 damage)
             ... on level 6 of the Dungeon.
             The game lasted 00:11:12 (3501 turns).

Melifaro the Shield-Bearer (Minotaur Fighter)       Turns: 3501, Time: 00:11:12

Health: -3/68      AC: 10    Str: 24    XL:     8   Next: 20%
Magic:  7/7        EV: 10    Int:  5    God:    Trog [*.....]
Gold:   229        SH:  0    Dex:  9    Spells: 0 memorised, 7 levels left

rFire  . . .     SeeInvis .     a - +0 war axe
rCold  . . .     Clarity  .     b - +0 scale mail
rNeg   . . .     SustAt   .     c - +0 shield
rPois  .         Gourm    .     (helmet restricted)
rElec  .         Spirit   .     r - +2 cloak {+Inv}
rCorr  .         Warding  .     (no gloves)
rMut   .         Stasis   .     (no boots)
MR     .....                    (no amulet)
Stlth  ..........               (no ring)
                                (no ring)

@: confused, not resistant to hostile enchantments, extremely unstealthy
A: retaliatory headbutt, horns 2
a: Burn Spellbooks, Berserk, Renounce Religion, Evoke Invisibility


You were on level 6 of the Dungeon.
You worshipped Trog.
Trog was aware of your devotion.
You were not hungry.

You visited 2 branches of the dungeon, and saw 7 of its levels.

You collected 229 gold pieces.

Inventory:

Hand weapons
 a - a +0 war axe (weapon)
 s - a +3 flail
Armour
 b - a +0 scale mail (worn)
 c - a +0 shield (worn)
 r - a +2 cloak of invisibility (worn)
Jewellery
 g - an uncursed ring of protection from cold
 D - an uncursed ring of magical power {unknown}
Magical devices
 q - a wand of slowing (24)
Scrolls
 f - 2 scrolls of teleportation
 h - a scroll of magic mapping {unknown}
 m - 2 scrolls of fog
 n - 2 scrolls of remove curse
 p - 3 scrolls of immolation {unknown}
 t - 4 scrolls of enchant armour {unknown}
 v - a scroll of random uselessness {unknown}
 w - a scroll of amnesia {unknown}
 y - a scroll of identify
Potions
 d - a potion of might
 i - 3 potions of haste {unknown}
 k - a potion of invisibility {unknown}
 l - 3 potions of heal wounds {unknown}
 o - a potion of curing {unknown}
 u - a potion of degeneration {unknown}
 x - a potion of resistance {unknown}
 z - a potion of poison {unknown}
 B - a potion of magic {unknown}
Comestibles
 e - 2 bread rations
 j - a slice of pizza
 A - a royal jelly
 C - 2 beef jerkies


   Skills:
 + Level 5.3 Fighting
 + Level 5.6 Axes
 + Level 6.1 Armour
 + Level 5.0 Dodging
 + Level 0.3 Stealth
 + Level 7.1 Shields


You had 7 spell levels left.
You didn't know any spells.

Dungeon Overview and Level Annotations

Branches:
Dungeon (6/15)             Temple (1/1) D:5

Altars:
Ashenzari
Fedhas
Nemelex Xobeh
Okawaru
Qazlal
Trog
The Shining One

Shops:
D:4 !

Annotations:
D:6 Grinder, Sigmund


Innate Abilities, Weirdness & Mutations

You reflexively headbutt those who attack you in melee.
You have a pair of horns on your head.


Message History

Something tries to affect you, but you resist.
Grinder barely misses you.
Unknown command.
You hit Grinder.
Grinder is severely wounded.
Something hits you!
* * * LOW HITPOINT WARNING * * *
Grinder hits you!
* * * LOW HITPOINT WARNING * * *
You writhe in agony.
* * * LOW HITPOINT WARNING * * *
Your shield prevents you from hitting Grinder.
You headbutt Grinder!
Grinder is almost dead.
Grinder gestures at you.
You struggle to resist.
Something hits you but does no damage.
Unknown command.
Grinder gestures at you. Pain shoots through your body!
You die...

....###......# ##..........#
.#.####......###...........
....##........#...#.....#.
.................#.#......
.................##.....#
...............#.##....#
................#.....# ..
...............5.#...!# .#
................@....## ..#
..)..................# ...#.
.............#.......##.....
....................#......
.........................$
.........................
...............†........
....................#..
...........#.#.....## #


You could see Grinder.

Vanquished Creatures
  A black bear (D:6)
  A centaur (D:5)
  2 ogres
  2 giant frogs (D:6)
  6 scorpions
  An orc wizard (D:3)
  A hound (D:4)
  Crazy Yiuf (D:2)
  An orc priest (D:3)
  4 worker ants
  10 adders
  2 shadow imps
  2 oozes (D:2)
  2 worms
  3 giant geckos
  19 orcs
  6 bats
  5 giant cockroaches
  7 goblins
  9 hobgoblins
  4 jackals (D:1)
  6 kobolds
  2 quokkas (D:4)
  2 ball pythons
  3 giant newts
  A goblin skeleton (D:5)
  A goblin zombie (D:5)
  A jackal skeleton (D:4)
  2 kobold zombies (D:5)
  2 orc skeletons (D:5)
  2 orc zombies (D:5)
  A quokka skeleton (D:4)
  12 rats
124 creatures vanquished.

Notes
Turn   | Place    | Note
--------------------------------------------------------------
     0 | D:1      | Melifaro the Minotaur Fighter began the quest for the Orb.
     0 | D:1      | Reached XP level 1. HP: 19/19 MP: 0/0
    25 | D:1      | Reached XP level 2. HP: 16/27 MP: 1/1
    38 | D:1      | Reached skill level 4 in Armour
   389 | D:2      | Reached XP level 3. HP: 33/33 MP: 2/2
   441 | D:2      | Reached skill level 1 in Dodging
   548 | D:2      | Reached XP level 4. HP: 35/40 MP: 3/3
   851 | D:2      | Noticed Crazy Yiuf
   857 | D:2      | Killed Crazy Yiuf
  1060 | D:3      | Reached XP level 5. HP: 34/47 MP: 4/4
  1208 | D:3      | Found a bloodstained altar of Trog.
  1219 | D:3      | Became a worshipper of Trog the Wrathful
  1628 | D:3      | Found a shattered altar of Ashenzari.
  1740 | D:4      | Noticed an ogre
  1745 | D:4      | Killed an ogre
  1745 | D:4      | Reached skill level 5 in Shields
  1745 | D:4      | Reached XP level 6. HP: 53/53 MP: 5/5
  1780 | D:4      | Found an iron altar of Okawaru.
  1801 | D:4      | Found a sparkling altar of Nemelex Xobeh.
  1895 | D:4      | Found a blossoming altar of Fedhas.
  1972 | D:4      | Acquired Trog's first power
  1988 | D:4      | Reached XP level 7. HP: 27/60 MP: 6/6
  2310 | D:4      | Reached skill level 5 in Armour
  2479 | D:4      | Found Wainagu's Distillery.
  2736 | D:5      | Entered Level 5 of the Dungeon
  2765 | D:5      | Reached skill level 6 in Shields
  2782 | D:5      | Found a staircase to the Ecumenical Temple.
  2789 | Temple   | Entered the Ecumenical Temple
  2846 | D:5      | Reached skill level 5 in Axes
  3004 | D:5      | Found a glowing golden altar of the Shining One.
  3019 | D:5      | Reached skill level 5 in Fighting
  3232 | D:5      | Found a stormy altar of Qazlal.
  3406 | D:6      | Reached XP level 8. HP: 61/68 MP: 7/7
  3454 | D:6      | Reached skill level 7 in Shields
  3462 | D:6      | Noticed Grinder
  3464 | D:6      | Paralysed by Grinder for 5 turns
  3467 | D:6      | Noticed Sigmund
  3487 | D:6      | Reached skill level 5 in Dodging
  3501 | D:6      | Killed from afar by Grinder

Vault maps used:
D:1:      lightli_arrival_chessboard
D:2:      uniq_crazy_yiuf_cottage
D:3:      lemuel_round_altar, bloody_trog, kennysheep_generic_room_5
D:4:      lemuel_coloured_pillars_altar, lemuel_doored_altar,
          kennysheep_little_box, first_bread, serial_shops, nicolae_shop_stone
D:5:      lemuel_round_altar, temple_statues, serial_park_tiny_1,
          nicolae_tso_besieged_by_evil
D:6:      lemuel_round_altar, eino_tiny_chamber, uniq_grinder, uniq_sigmund,
          uniq_blork_the_orc
Temple:   temple_island_7

Action                   |  1- 3 |  4- 6 |  7- 9 || total
-------------------------+-------+-------+-------++-------
Melee: War axe           |    74 |   135 |   112 ||   321
       Hand axe          |       |     3 |       ||     3
  Use: Scroll            |       |     4 |     1 ||     5
  Eat: Chunk             |       |     1 |     2 ||     3
       Bread ration      |       |     1 |       ||     1
       Pizza             |       |       |     1 ||     1
